 Dungeon Crawl Stone Soup version 0.27-a0-1548-gf8a67e7463 (webtiles) character file.

Game seed: 7637611495070843346

632 Froggeryz the Digger (level 7, -3/32 HPs)
             Began as a Spriggan Earth Elementalist on July 13, 2021.
             Was an Initiate of Sif Muna.
             Splashed by Ijyb's acid (11 damage)
             ... on level 4 of the Dungeon on July 14, 2021.
             The game lasted 00:06:33 (3837 turns).

Froggeryz the Digger (Spriggan Earth Elementalist)  Turns: 3837, Time: 00:06:34

Health: -3/32      AC:  3    Str:  4    XL:     7   Next: 24%
Magic:  5/12       EV: 20    Int: 19    God:    Sif Muna [......]
Gold:   124        SH:  0    Dex: 15    Spells: 10/11 levels left

rFire    . . .     SeeInvis +   j - +2 dagger (holy)
rCold    . . .     Faith    .   (shield restricted)
rNeg     . . .     Spirit   .   t - +0 robe {Will+}
rPois    .         Reflect  .   (helmet restricted)
rElec    .         Harm     .   q - +0 cloak
rCorr    .         Rampage  .   (gloves unavailable)
Will     ++...                  (boots unavailable)
Stlth    ++........             (no amulet)
HPRegen  0.10/turn              (no ring)
MPRegen  0.13/turn              (no ring)

@: very quick
A: very small, no large weapons, unfitting armour, see invisible, speed 3
a: Renounce Religion


You were on level 4 of the Dungeon.
You worshipped Sif Muna.
Sif Muna was noncommittal.
You visited 1 branch of the dungeon, and saw 4 of its levels.

You collected 124 gold pieces.

Inventory:

Hand Weapons
 j - a +2 dagger of holy wrath (weapon)
Missiles
 c - 35 stones
Armour
 q - a +0 cloak (worn)
 t - a +0 robe of willpower (worn)
Magical Staves
 f - a staff of cold
Wands
 k - a wand of flame (22)
 p - a wand of digging (8)
Scrolls
 g - 2 scrolls of identify {unknown}
 i - a scroll of magic mapping {unknown}
 o - a scroll of blinking {unknown}
 s - a scroll of enchant weapon {unknown}
Potions
 a - a potion of might {unknown}
 d - a potion of ambrosia {unknown}
 e - 2 potions of heal wounds {unknown}
 h - a potion of mutation {unknown}
 l - a potion of flight {unknown}
 m - a potion of brilliance {unknown}
 n - 2 potions of degeneration {unknown}
 r - 2 potions of lignification {unknown}


   Skills:
 + Level 6.4 Dodging
 - Level 3.0 Stealth
 - Level 2.6 Spellcasting
 - Level 1.3 Transmutations
 * Level 6.5 Earth Magic


You had 10 spell levels left.
You knew the following spells:

 Your Spells              Type           Power      Damage    Failure   Level
a - Sandblast             Erth           54%        2d13      1%          1

Your spell library contained the following spells:

 Spells                   Type           Power      Damage    Failure   Level
 Passwall                 Tmut/Erth      14%        N/A       4%          2
 Stone Arrow              Conj/Erth      28%        3d8       12%         3
 Petrify                  Tmut/Erth      17%        N/A       30%         4
 Gell's Gravitas          Tloc           1%         N/A       43%         3
 Lesser Beckoning         Tloc           1%         N/A       43%         3
 Ozocubu's Armour         Ice            2%         N/A       43%         3
 Teleport Other           Tloc           2%         N/A       43%         3
 Metabolic Englaciation   Hex/Ice        1%         N/A       99%         5
 Simulacrum               Ice/Necr       1%         N/A       100%        6


Dungeon Overview and Level Annotations

Branches:
Dungeon (4/15)
 Temple: D:4-7

Altars:
Fedhas
Sif Muna
The Shining One

Annotations:
D:4 Ijyb


Innate Abilities, Weirdness & Mutations

You are very small and have problems with some larger weapons.
You are too small for most types of armour.
You have supernaturally acute eyesight. (SInv)
You cover ground extremely quickly. (Speed+++)


Message History

Ijyb screams, "No!
No, no, no, no!"
The orc wizard mumbles some strange words.
The orc wizard flickers and vanishes for a moment.
Casting: Sandblast (safe; 1% risk of failure)
Confirm with . or Enter, or press ? or * to list all spells.
Aiming: Sandblast (safe; 1% risk of failure)
Press: ? - help, Shift-Dir - straight line, f - orc
Aim: an orc, wielding a +0 flail (81% to hit)
The blast of sand misses the orc.
The blast of sand hits the orc wizard.
The orc wizard is severely wounded.
A jelly comes into view.
Casting: Sandblast (safe; 1% risk of failure)
Confirm with . or Enter, or press ? or * to list all spells.
Aiming: Sandblast (safe; 1% risk of failure)
Press: ? - help, Shift-Dir - straight line, f/p - orc
Aim: an orc, wielding a +0 flail (81% to hit)
The blast of sand hits the orc!
You kill the orc!
Sif Muna accepts your kill.
The jelly quivers.
The orc wizard gestures at you while chanting.
The puff of flame misses you.
Casting: Sandblast (safe; 1% risk of failure)
Confirm with . or Enter, or press ? or * to list all spells.
Aiming: Sandblast (safe; 1% risk of failure)
Press: ? - help, Shift-Dir - straight line, f - orc wizard
Aim: an orc wizard, wielding a +0 dagger and wearing a +0 robe (severely wounded, slightly transparent, 76% to hit)
The blast of sand hits the orc wizard!
You kill the orc wizard!
Sif Muna accepts your kill.
Press: ? - help, v - describe, . - travel, g - get item
Here: Ijyb, wielding a +0 club, wearing a +0 ring mail and carrying a wand of acid (9)
Items here: a +0 flail; a +0 flail.
The floor.
Unknown command.
Ijyb zaps a wand.
The bolt of acid hits you!
Ouch! That really hurt!
* * * LOW HITPOINT WARNING * * *
You are splashed with acid!
You die...

#.#................(.
#.#.#.....#.#.######.
#.#.#.........# ##.
#.#.#..##.#.#####.....
#.#.#......... ...#..⌠
#.#.##.##.#.###...#..
#.#..<....#.###......
#.####............# .
#.........@.......#..⌠
######................
#.......)).J.#..
##########g..# .......
....... .......
#######


You could see Ijyb and a jelly.

Vanquished Creatures
  Sigmund (D:3)
  A bullfrog (D:4)
  A scorpion (D:4)
  Crazy Yiuf (D:3)
  Jessica (D:3)
  3 orc wizards (D:4)
  A hound skeleton (D:4)
  Robin (D:3)
  7 gnolls
  4 adders
  5 dart slugs
  7 orcs
  6 ball pythons
  9 endoplasms
  3 giant cockroaches
  8 hobgoblins
  2 quokkas
  3 bats
  A frilled lizard (D:3)
  15 goblins
  7 kobolds
  5 rats
92 creatures vanquished.

Notes
Turn   | Place    | Note
-------+----------+-------------------------------------------
     0 | D:1      | Froggeryz the Spriggan Earth Elementalist began the quest
                  | for the Orb.
     0 | D:1      | Reached XP level 1. HP: 9/9 MP: 5/5
   287 | D:1      | Reached XP level 2. HP: 13/13 MP: 4/6
   602 | D:1      | Found a faded altar of an unknown god.
   775 | D:2      | Reached XP level 3. HP: 16/16 MP: 5/8
  1383 | D:2      | Reached XP level 4. HP: 17/21 MP: 0/9
  1606 | D:3      | Noticed Robin
  1701 | D:3      | Killed Robin
  2147 | D:3      | Found a runed translucent door.
  2148 | D:3      | Noticed Crazy Yiuf
  2281 | D:3      | Reached XP level 5. HP: 19/24 MP: 7/10
  2513 | D:3      | Found a shimmering blue altar of Sif Muna.
  2513 | D:3      | Found a glowing golden altar of the Shining One.
  2513 | D:3      | Found a blossoming altar of Fedhas.
  2522 | D:3      | Became a worshipper of Sif Muna the Loreminder
  2578 | D:3      | Noticed Sigmund
  2582 | D:3      | Killed Sigmund
  2583 | D:3      | Reached skill level 5 in Dodging
  2583 | D:3      | Reached skill level 5 in Earth Magic
  2583 | D:3      | Reached XP level 6. HP: 28/28 MP: 8/11
  2924 | D:3      | Noticed Jessica
  2928 | D:3      | Killed Jessica
  3012 | D:3      | Killed Crazy Yiuf
  3181 | D:3      | Upgraded the game from 0.27-a0-1545-g3eddc1d3d3 to
                  | 0.27-a0-1548-gf8a67e7463
  3326 | D:4      | Reached XP level 7. HP: 25/32 MP: 0/12
  3831 | D:4      | Noticed Ijyb
  3837 | D:4      | Splashed by Ijyb's acid

Illustrated notes

Levels and vault maps discovered:
D:1:      lemuel_arrival_funnel, layout_rooms, dreamdust_ecumenical_altar_grove,
          st_stairs_9
D:2:      layout_basic
D:3:      layout_basic, gammafunk_temple_overflow_claw,
          grunt_decor_mini_mirrors, uniq_robin, uniq_sigmund, uniq_jessica,
          uniq_crazy_yiuf_cottage
D:4:      layout_basic, minmay_temple_entry_large_hall, uniq_ijyb

Skill      XL: |  1  2  3  4  5  6 |
---------------+-------------------+-----
Dodging        | 3 4 5 6 |  6.4
Earth Magic    | 3 4 5 6 |  6.5
Stealth        | |  3.0
Spellcasting   | |  2.6
Transmutations | |  1.3

Action                   |  1- 3 |  4- 6 |  7- 9 || total
-------------------------+-------+-------+-------++-------
Melee: Unarmed           |     2 |       |       ||     2
       Dagger            |       |    24 |    19 ||    43
 Cast: Sandblast         |    57 |    53 |    11 ||   121
 Stab: Sleeping          |       |     5 |       ||     5
Armor: Robe              |     2 |       |     3 ||     5
Dodge: Dodged            |     9 |    29 |    14 ||    52

Table legend: (Time is in decaauts)
 A = Elapsed time spent in this place.
 B = Non-inter-level travel time spent in this place.
 C = Inter-level travel time spent in this place.
 D = Time resting spent in this place.
 E = Time spent auto-exploring this place.
 F = Levels seen in this place.
 G = Mean time per level.
                   A        B        C        D        E       F      G
               +--------+--------+--------+--------+--------+-----+--------+
         Total |   2970 |   2906 |     64 |    287 |   2128 |   4 |  742.5 |
       Dungeon |   2970 |   2906 |     64 |    287 |   2128 |   4 |  742.5 |
               +--------+--------+--------+--------+--------+-----+--------+

Top non-repeatable levels by time:
     D:3: 1212 daAuts
     D:2: 759 daAuts
     D:1: 583 daAuts
     D:4: 415 daAuts
